 Dungeon Crawl Stone Soup version 0.23.0-3-gf3c87f2 (webtiles) character file.

Game seed: 5374216558383356352

27 doot the Stinger (level 3, 0/19 HPs)
             Began as a Tengu Venom Mage on Feb 21, 2019.
             Slain by an orc
             ... wielding a +0 flail
              (10 damage)
             ... on level 3 of the Dungeon.
             The game lasted 00:03:49 (1166 turns).

doot the Stinger (Tengu Venom Mage)                 Turns: 1166, Time: 00:03:50

Health: 0/19       AC:  2    Str:  8    XL:     3   Next: 10%
Magic:  1/7        EV: 13    Int: 16    God:
Gold:   18         SH:  0    Dex: 14    Spells: 3/6 levels left

rFire    . . .     SeeInvis .   g - +0 short sword
rCold    . . .     Gourm    .   (no shield)
rNeg     . . .     Faith    .   a - +0 robe
rPois    .         Spirit   .   (helmet restricted)
rElec    .         Reflect  .   (no cloak)
rCorr    .         Harm     .   (no gloves)
MR       .....                  (boots unavailable)
Stlth    ++........             e - amulet of the acrobat
HPRegen  0.06/turn              (no ring)
MPRegen  0.10/turn              (no ring)

@: no status effects
A: beak, talons 3
a: no special abilities


You were on level 3 of the Dungeon.
You were very hungry.

You visited 1 branch of the dungeon, and saw 3 of its levels.

You collected 18 gold pieces.

Inventory:

Hand Weapons
 g - a +0 short sword (weapon)
Armour
 a - a +0 robe (worn)
Jewellery
 e - an amulet of the acrobat (around neck)
Scrolls
 d - a scroll of magic mapping {unknown}
 f - a scroll of identify {unknown}
 h - a scroll of noise {unknown}
Potions
 i - a potion of flight
Comestibles
 c - a ration


   Skills:
 + Level 2.3 Dodging
 + Level 2.1 Stealth
 + Level 2.3 Spellcasting
 + Level 1.9 Conjurations
 + Level 3.5 Poison Magic


You had 3 spell levels left.
You knew the following spells:

 Your Spells              Type           Power        Failure   Level  Hunger
a - Sting                 Conj/Pois      ##..         6%          1    #......
b - Poisonous Vapours     Pois/Air       #.....       14%         2    ###....

Your spell library contained the following spells:

 Spells                   Type           Power        Failure   Level  Hunger
 Mephitic Cloud           Conj/Pois/Air  #.......     28%         3    ###....
 Olgreb's Toxic Radiance  Pois           ##......     41%         4    #####..
 Venom Bolt               Conj/Pois      ##........   87%         5    ######.


Dungeon Overview and Level Annotations

Branches:
Dungeon (3/15)

Altars:


Innate Abilities, Weirdness & Mutations

You have a beak for a mouth.
You have claws for feet.


Message History

Aiming: Sting (safe; 6% risk of failure)
Press: ? - help, Shift-Dir - straight line, f/p - orc
Aim: an orc, wielding a +0 flail and wearing a +0 leather armour (heavily wounded, poisoned)
The sting misses the orc.
The orc hits you with a +0 flail!
Casting: Sting (safe; 6% risk of failure)
Confirm with . or Enter, or press ? or * to list all spells.
Aiming: Sting (safe; 6% risk of failure)
Press: ? - help, Shift-Dir - straight line, f/p - orc
Aim: an orc, wielding a +0 flail and wearing a +0 leather armour (heavily wounded, poisoned)
The sting hits the orc but does no damage.
The orc is heavily wounded.
The orc barely misses you.
Casting: Sting (safe; 6% risk of failure)
Confirm with . or Enter, or press ? or * to list all spells.
Aiming: Sting (safe; 6% risk of failure)
Press: ? - help, Shift-Dir - straight line, f/p - orc
Aim: an orc, wielding a +0 flail and wearing a +0 leather armour (heavily wounded, poisoned)
The sting misses the orc.
The orc hits you with a +0 flail!
Ouch! That really hurt!
You die...

#......#
#..)...#
#......#
#....)##
####.....<#
b...........#
#####.###+#.#
#. #o# # #@#
#.# #.# #.#
#.# #%# #..
###


You could see an orc.

Vanquished Creatures
  An adder (D:2)
  A leopard gecko (D:2)
  A giant cockroach (D:3)
  2 goblins (D:3)
  3 hobgoblins
  3 jackals (D:2)
  A ball python (D:2)
  A kobold (D:2)
  2 rats
15 creatures vanquished.

Notes
Turn   | Place    | Note
-------+----------+-------------------------------------------
     0 | D:1      | doot the Tengu Venom Mage began the quest for the Orb.
     0 | D:1      | Reached XP level 1. HP: 10/10 MP: 4/4
   432 | D:2      | Reached XP level 2. HP: 15/15 MP: 3/6
   436 | D:2      | Learned a level 2 spell: Poisonous Vapours
  1057 | D:3      | Reached XP level 3. HP: 19/19 MP: 3/7
  1166 | D:3      | Slain by an orc

Action                   || total
-------------------------++-------
Melee: Unarmed           ||     2
       Peck              ||     1
       Short sword       ||     1
 Cast: Sting             ||    43
       Poisonous Vapours ||     1
  Use: Potion            ||     2
Armor: Robe              ||     1
Dodge: Dodged            ||    14
